 Dungeon Crawl Stone Soup version 0.20.1-1-g8b1a95d (webtiles) character file.

9 Monsterracer the Sneak (level 2, 0/22 HPs)
             Began as a Naga Wizard on Aug 21, 2017.
             Slain by a gnoll
             ... wielding a +0 flail
              (1 damage)
             ... on level 1 of the Dungeon.
             The game lasted 00:01:58 (706 turns).

Monsterracer the Sneak (Naga Wizard)                 Turns: 706, Time: 00:01:59

Health: 0/22       AC:  1    Str:  9    XL:     2   Next: 12%
Magic:  1/6        EV: 10    Int: 18    God:
Gold:   12         SH:  0    Dex:  9    Spells: 2/7 levels left

rFire    . . .     SeeInvis +   g - +0 dagger
rCold    . . .     Gourm    .   (no shield)
rNeg     . . .     Faith    .   a - +0 robe
rPois    +         Spirit   .   b - +0 hat
rElec    .         Reflect  .   (no cloak)
rCorr    .         Harm     .   (no gloves)
MR       .....                  (no barding)
Stlth    ++........             (no amulet)
Regen    0.1/turn               (no ring)
MPRegen  0.1/turn               (no ring)

@: short of breath, very slow
A: see invisible, deformed body, poison resistance, slowness 2, slow metabolism
1, spit poison 1, AC +0
a: Spit Poison


You were on level 1 of the Dungeon.
You were not hungry.

You visited 1 branch of the dungeon, and saw 1 of its levels.

You collected 12 gold pieces.

Inventory:

Hand Weapons
 g - a +0 dagger (weapon)
Armour
 a - a +0 robe (worn)
 b - a +0 hat (worn)
Scrolls
 e - a scroll of identify {unknown}
Potions
 f - a potion of curing {unknown}
Books
 c - a book of Minor Magic

   Spells                             Type                      Level
   a - Magic Dart                     Conjuration                  1
   b - Blink                          Translocation                2
   c - Call Imp                       Summoning                    2
   d - Slow                           Hexes                        2
   e - Conjure Flame                  Conjuration/Fire             3
   f - Mephitic Cloud                 Conjuration/Poison/Air       3
Comestibles
 d - a bread ration


   Skills:
 - Level 1.5 Dodging
 - Level 3.0 Stealth
 - Level 3.0 Spellcasting
 * Level 2.1 Conjurations
 - Level 1.0 Summonings
 - Level 1.0 Translocations


You had 2 spell levels left.
You knew the following spells:

 Your Spells              Type           Power        Failure   Level  Hunger
a - Magic Dart            Conj           ##..         7%          1    None
d - Call Imp              Summ           #.......     16%         2    ##.....
e - Blink                 Tloc           N/A          16%         2    ##.....


Dungeon Overview and Level Annotations

Branches:
Dungeon (1/15)

Altars:


Innate Abilities, Weirdness & Mutations

You cannot wear boots.
Your serpentine skin is tough. (AC +0)
You have supernaturally acute eyesight. (SInv)
Armour fits poorly on your strangely shaped body.
Your system is resistant to poisons. (rPois)
You cover ground very slowly.
You have a slow metabolism.
You can spit poison.


Message History

Aiming: Magic Dart
Press: ? - help, Shift-Dir - straight line, f/p - gnoll
Aim: a gnoll, wielding a flail (severely wounded, poisoned)
The magic dart hits the gnoll.
The gnoll is severely wounded.
* * * LOW MAGIC WARNING * * *
Your crimson imp barely misses the gnoll.
The gnoll barely misses you.
You have got your breath back.
Your crimson imp hits the gnoll.
Found a scroll labeled CANUTS ANUSE.
Press: ? - help, Shift-Dir - straight line, f/p - gnoll
Aim: a gnoll, wielding a flail (severely wounded, poisoned)
The splash of poison hits the gnoll.
The gnoll appears unharmed.
The gnoll is severely wounded.
You feel slightly more hungry. The bat hits you.
* * * LOW HITPOINT WARNING * * *
Your crimson imp blinks!
The gnoll hits you with a flail.
You die...

.###### #..........
.#P≈.<# .........
.#PP..# .......
.#P♣.≈# ..... .#P..♣#
.g. .#♣..P# #r#
.'..≈♣#
.#######b###########
.#P.PP#
.......gb5.........#
.#♣.P≈#
?......@##########.#
)##+###
........######...#.#
....##
............##.###.#
###..#
..........(.##.....#
##.#
.##................#
###.#
#.##.........########
#...## #.##.........#
#....# #.##.........#
#....###.##.........#


You could see a gnoll, a hobgoblin, 2 bats, a rat and a friendly crimson imp.

Vanquished Creatures
  A giant cockroach (D:1)
  4 hobgoblins (D:1)
  A bat (D:1)
  A kobold (D:1)
  A rat (D:1)
8 creatures vanquished.

Notes
Turn   | Place    | Note
-------+----------+-------------------------------------------
     0 | D:1      | Monsterracer the Naga Wizard began the quest for the Orb.
     0 | D:1      | Reached XP level 1. HP: 15/15 MP: 4/4
    88 | D:1      | HP: 3/15 [hobgoblin/club (6)]
   434 | D:1      | Reached XP level 2. HP: 22/22 MP: 0/6
   692 | D:1      | Learned a level 2 spell: Call Imp
   695 | D:1      | Learned a level 2 spell: Blink
   702 | D:1      | HP: 2/22 [gnoll/flail (13)]
   706 | D:1      | Slain by a gnoll

Skill      XL: |  1 |
---------------+----+-----
Conjurations   | 2 |  2.1
Dodging        | |  1.5
Stealth        | |  3.0
Spellcasting   | |  3.0
Summonings     | |  1.0
Translocations | |  1.0

Action                   || total
-------------------------++-------
Melee: Unarmed           ||    17
       Dagger            ||     2
 Cast: Magic Dart        ||    22
       Call Imp          ||     1
 Abil: Spit Poison       ||     6
Armor: Robe              ||     1
Dodge: Dodged            ||    20
